 Dungeon Crawl Stone Soup version 0.28.0-53-g5a82cb258f (webtiles) character file.

Game seed: 5821180158008281489

5859 Renzlar the Blocker (level 10, -2/82 HPs)
             Began as a Gnoll Fighter on Aug 13, 2022.
             Was a Believer of Okawaru.
             Slain by a komodo dragon (17 damage)
             ... on level 11 of the Dungeon on Aug 14, 2022.
             The game lasted 00:35:15 (10755 turns).

Renzlar the Blocker (Gnoll Fighter)                Turns: 10755, Time: 00:35:16

Health: -2/82      AC: 14    Str: 20    XL:     10   Next: 81%
Magic:  18/18      EV: 11    Int:  8    God:    Okawaru [**....]
Gold:   163        SH:  6    Dex: 11    Spells: 20/20 levels left

rFire   . . .      SeeInvis +   a - +1 war axe (flame)
rCold   . . .      Faith    .   c - +0 buckler
rNeg    . . .      Spirit   .   b - +1 scale mail
rPois   .          Reflect  .   x - +2 helmet {SInv}
rElec   .          Harm     .   l - +1 cloak
rCorr   .          Rampage  .   C - +0 pair of gloves
Will    .....                   k - +1 pair of boots
Stlth   ++........              (no amulet)
HPRegen 0.23/turn               (no ring)
MPRegen 0.16/turn               (no ring)

@: corroded
A: fangs 1, strong nose, distributed training
a: Renounce Religion, Heroism


You were on level 11 of the Dungeon.
You worshipped Okawaru.
Okawaru was pleased with you.
You visited 2 branches of the dungeon, and saw 12 of its levels.

You collected 464 gold pieces.
You spent 301 gold pieces at shops.

Inventory:

Hand Weapons
 a - a +1 war axe of flaming (weapon)
 r - a +2 dagger of draining
 t - a +0 hand crossbow
Missiles
 e - 5 javelins
 f - 123 stones
 j - 85 bolts
 s - 13 poisoned darts (quivered)
Armour
 b - a +1 scale mail (worn)
 c - a +0 buckler (worn)
 k - a +1 pair of boots (worn)
 l - a +1 cloak (worn)
 x - a +2 helmet of see invisible (worn)
 C - a +0 pair of gloves (worn)
Jewellery
 i - a +6 ring of intelligence
 n - a ring of flight
Wands
 q - a wand of digging (5)
 u - a wand of polymorph (8)
 y - a wand of flame (33)
Scrolls
 m - a scroll of amnesia
Potions
 d - 2 potions of might
 g - 4 potions of magic
 h - 5 potions of curing
 o - a potion of flight
 p - 2 potions of mutation
 v - a potion of attraction {unknown}
 A - 2 potions of lignification


   Skills:
 + Level 8.7 Fighting
 + Level 5.6 Short Blades
 + Level 5.6 Long Blades
 + Level 7.3 Axes
 + Level 5.6 Maces & Flails
 + Level 5.6 Polearms
 + Level 5.6 Staves
 + Level 5.6 Slings
 + Level 5.6 Bows
 + Level 5.6 Crossbows
 + Level 5.6 Throwing
 + Level 8.7 Armour
 + Level 5.6 Dodging
 + Level 5.6 Stealth
 + Level 8.7 Shields
 + Level 5.6 Unarmed Combat
 + Level 5.6 Spellcasting
 + Level 4.6 Conjurations
 + Level 4.6 Hexes
 + Level 4.6 Summonings
 + Level 4.6 Necromancy
 + Level 4.6 Translocations
 + Level 4.6 Transmutations
 + Level 4.6 Fire Magic
 + Level 4.6 Ice Magic
 + Level 4.6 Air Magic
 + Level 4.6 Earth Magic
 + Level 4.6 Poison Magic
 + Level 6.2 Invocations
 + Level 5.6 Evocations


You had 20 spell levels left.
You didn't know any spells.
Your spell library contained the following spells:

 Spells                   Type           Power      Damage    Failure   Level
 Sting                    Tmut/Pois      36%        1d4       11%         1
 Corpse Rot               Necr/Air       18%        N/A       17%         2
 Poisonous Vapours        Pois/Air       18%        N/A       17%         2
 Portal Projectile        Hex/Tloc       18%        N/A       32%         3
 Leda's Liquefaction      Hex/Erth       4%         N/A       73%         4
 Olgreb's Toxic Radiance  Pois           9%         N/A       73%         4
 Call Canine Familiar     Summ           Unusable   N/A       N/A         3

Dungeon Overview and Level Annotations

Branches:
Dungeon (11/15)            Temple (1/1) D:7
   Lair: D:8-11         Orc: D:9-12

Altars:
Cheibriados
Dithmenos
Elyvilon
Fedhas
Gozag
Hepliaklqana
Kikubaaqudgha
Makhleb
Okawaru
Uskayaw
Wu Jian
Yredelemnul
The Shining One
Jiyva

Shops:
D:5 :*?[

Annotations:
D:9 1 transporter


Innate Abilities, Weirdness & Mutations

You have very sharp teeth.
Your uncanny sense of smell can sniff out nearby items.
Your experience applies equally to all skills.


Message History

Okay, then.
An acid dragon is nearby!
Aiming: Polymorph
Press: ? - help, Shift-Dir - straight line, f - acid dragon
Aim: an acid dragon (wandering, hasn't noticed you, will become a golden eye, a sky beast, or a fire bat, chance to affect: 62%)
The acid dragon roars!
The acid dragon resists with significant effort.
The acid dragon spits acid at you. The splash of acid hits you!!
The acid corrodes you!
You slash the acid dragon! You burn the acid dragon.
The acid dragon is heavily wounded.
The acid dragon spits acid at you. The splash of acid misses you.
You closely miss the acid dragon.
You bite the acid dragon, but do no damage.
The acid dragon is heavily wounded.
The acid dragon bites you. The acid dragon closely misses you.
The acid dragon barely misses you.
The acid dragon claws you but does no damage.
You slash the acid dragon! You burn the acid dragon.
You kill the acid dragon!
Okawaru accepts your kill.
The acid dragon scales are intact enough to wear.
A centaur warrior zombie comes into view.
Things that are here:
+0 acid dragon scales; an acid dragon corpse
There is a stone staircase leading down here.
You can't go up here!
You climb downwards.
The orc hits you with a +0 short sword. The komodo dragon bites you!!
* * * LOW HITPOINT WARNING * * *
The orc hits you but does no damage.
The komodo dragon bites you but does no damage.
There is a stone staircase leading up, spattered with blood here.
Unknown command.
You hit the komodo dragon but do no damage.
You hit the orc but do no damage. The orc hits you with a +0 short sword.
* * * LOW HITPOINT WARNING * * *
The komodo dragon bites you!
You die...

## ###.. #.....
#......
##.......
##........
##l@.......
#..o....... .
#.(........
$...#..........
...............
.####..........
##.........
#.........
##........


You could see a komodo dragon and an orc.

Vanquished Creatures
  Maggie (D:7)
  A hornet (D:9)
  Grinder (D:3)
  A vampire (D:10)
  6 yaks (D:9)
  A steam dragon (D:8)
  2 acid dragons
  Duvessa (D:7)
  4 water moccasins
  4 sky beasts
  An orc warrior (D:8)
  2 black bears
  A necrophage (D:5)
  A hornet zombie (D:6)
  6 centaurs
  3 kobold brigands
  A phantom (D:5)
  6 bullfrogs
  3 scorpions
  Dowan (D:7)
  3 wights (D:9)
  2 howler monkeys
  3 hounds
  A bullfrog skeleton (D:2)
  4 orc priests
  3 centaur skeletons
  5 iguanas
  4 orc wizards
  A killer bee zombie (D:6)
  7 gnolls
  13 adders
  A howler monkey skeleton (D:5)
  A white imp (D:6)
  An ufetubus (D:5)
  4 worms
  7 dart slugs
  14 orcs
  7 endoplasms
  4 giant cockroaches
  9 goblins
  16 hobgoblins
  12 jackals
  11 quokkas
  10 ball pythons
  2 bats (D:1)
  2 frilled lizards
  18 kobolds
  10 rats
222 creatures vanquished.

Vanquished Creatures (others)
  3 fungi (D:9)
  9 plants
12 creatures vanquished.

Grand Total: 234 creatures vanquished

Notes
Turn   | Place    | Note
-------+----------+-------------------------------------------
     0 | D:1      | Renzlar the Gnoll Fighter began the quest for the Orb.
     0 | D:1      | Reached XP level 1. HP: 23/23 MP: 1/1
   103 | D:1      | Reached XP level 2. HP: 25/29 MP: 2/2
   512 | D:1      | Reached XP level 3. HP: 35/35 MP: 3/3
   746 | D:2      | Reached skill level 1 in Invocations
   818 | D:2      | Reached skill level 1 in Short Blades
   818 | D:2      | Reached skill level 1 in Long Blades
   818 | D:2      | Reached skill level 1 in Maces & Flails
   818 | D:2      | Reached skill level 1 in Polearms
   818 | D:2      | Reached skill level 1 in Staves
   818 | D:2      | Reached skill level 1 in Slings
   818 | D:2      | Reached skill level 1 in Bows
   818 | D:2      | Reached skill level 1 in Crossbows
   818 | D:2      | Reached skill level 1 in Throwing
   818 | D:2      | Reached skill level 1 in Dodging
   818 | D:2      | Reached skill level 1 in Stealth
   818 | D:2      | Reached skill level 1 in Unarmed Combat
   818 | D:2      | Reached skill level 1 in Spellcasting
   818 | D:2      | Reached skill level 1 in Evocations
   975 | D:2      | Reached XP level 4. HP: 39/41 MP: 5/5
  1016 | D:2      | Reached skill level 1 in Conjurations
  1016 | D:2      | Reached skill level 1 in Hexes
  1016 | D:2      | Reached skill level 1 in Summonings
  1016 | D:2      | Reached skill level 1 in Necromancy
  1016 | D:2      | Reached skill level 1 in Translocations
  1016 | D:2      | Reached skill level 1 in Transmutations
  1016 | D:2      | Reached skill level 1 in Fire Magic
  1016 | D:2      | Reached skill level 1 in Ice Magic
  1016 | D:2      | Reached skill level 1 in Air Magic
  1016 | D:2      | Reached skill level 1 in Earth Magic
  1016 | D:2      | Reached skill level 1 in Poison Magic
  1454 | D:2      | Reached XP level 5. HP: 43/47 MP: 6/6
  2072 | D:3      | Noticed Grinder
  2086 | D:3      | Paralysed by Grinder for 3 turns
  2095 | D:3      | Killed Grinder
  2096 | D:3      | Reached skill level 5 in Axes
  2096 | D:3      | Reached XP level 6. HP: 27/53 MP: 7/9
  3096 | D:4      | Reached XP level 7. HP: 59/59 MP: 10/10
  3882 | D:5      | Entered Level 5 of the Dungeon
  3896 | D:5      | Found Rimpy's Magic Scroll Emporium.
  4199 | D:5      | Found Mikuac's Armour Shop.
  4365 | D:5      | Found Cir Bier's General Store.
  4381 | D:5      | Reached XP level 8. HP: 59/67 MP: 12/12
  5022 | D:5      | Found Ebiy's Book Shoppe.
  5771 | D:6      | Reached XP level 9. HP: 70/73 MP: 14/14
  5945 | D:6      | Found an ancient bone altar of Kikubaaqudgha.
  6008 | D:6      | Found a glowing golden altar of the Shining One.
  6009 | D:6      | Found a hide-covered altar of Uskayaw.
  6010 | D:6      | Found a shadowy altar of Dithmenos.
  6011 | D:6      | Found an opulent altar of Gozag.
  6235 | D:6      | Found a faded altar of an unknown god.
  6235 | D:6      | Found a hazy altar of Hepliaklqana.
  6237 | D:6      | Found a faded altar of an unknown god.
  6579 | D:5      | Bought a +2 helmet of see invisible for 301 gold pieces
  6925 | D:7      | Found a staircase to the Ecumenical Temple.
  6930 | Temple   | Entered the Ecumenical Temple
  7025 | Temple   | Became a worshipper of Warmaster Okawaru
  7122 | D:7      | Noticed Duvessa
  7127 | D:7      | Noticed Dowan
  7133 | D:7      | Killed Dowan
  7138 | D:7      | Killed Duvessa
  7925 | D:7      | Noticed Maggie
  7951 | D:7      | Killed Maggie
  7952 | D:7      | Reached skill level 5 in Invocations
  8831 | D:8      | Reached * piety under Okawaru
  9107 | D:8      | Reached XP level 10. HP: 80/80 MP: 17/17
  9230 | D:8      | Found an ornate altar of the Wu Jian Council.
  9509 | D:8      | Identified the +6 spear "Xaoqelyno" {vamp, Fragile rF+ rC+}
  9537 | D:8      | Reached skill level 5 in Short Blades
  9537 | D:8      | Reached skill level 5 in Long Blades
  9537 | D:8      | Reached skill level 5 in Maces & Flails
  9537 | D:8      | Reached skill level 5 in Polearms
  9537 | D:8      | Reached skill level 5 in Staves
  9537 | D:8      | Reached skill level 5 in Slings
  9537 | D:8      | Reached skill level 5 in Bows
  9537 | D:8      | Reached skill level 5 in Crossbows
  9537 | D:8      | Reached skill level 5 in Throwing
  9537 | D:8      | Reached skill level 5 in Dodging
  9537 | D:8      | Reached skill level 5 in Stealth
  9537 | D:8      | Reached skill level 5 in Unarmed Combat
  9537 | D:8      | Reached skill level 5 in Spellcasting
  9537 | D:8      | Reached skill level 5 in Evocations
 10254 | D:9      | Found a transporter.
 10259 | D:9      | Found a viscous altar of Jiyva.
 10329 | D:9      | Reached ** piety under Okawaru
 10662 | D:9      | You fall into a shaft and drop 2 floors!
 10668 | D:10     | Entered Level 10 of the Dungeon
 10755 | D:11     | Slain by a komodo dragon

Illustrated notes

Levels and vault maps discovered:
D:1:      mainiacjoe_arrival_reflecting_pool, layout_basic
D:2:      cheibrodos_greedy_goblins, layout_basic, corexii_hall_statues_l
D:3:      layout_loops_corners, uniq_grinder
D:4:      cheibrodos_thug_alley, layout_rooms, minmay_circle_x
D:5:      layout_basic, serial_shops, shop_fountains, nicolae_shop_stone,
          nicolae_lakefront_shop, shop, lexackson_kobold_supper
D:6:      layout_basic, mainiacjoe_overflow_24_doors,
          mainiacjoe_overflow_alcove_3, nicolae_hepliaklqana_ecumenical_no_more
D:7:      layout_basic, temple_doors_cd, uniq_duvessa, uniq_maggie
D:8:      layout_loops_corners, pdpol_wu_jian_five_deadly_venoms,
          nicolae_underground_beach
D:9:      gammafunk_jiyva_shrine, layout_stronghold,
          grunt_lair_entry_orc_guard_hut, serial_shops,
          nicolae_inconvenience_store
D:10:     layout_loops_cross, nemelex_xobeh_ov_fountains_minmay, orc_0_dummy
D:11:     layout_cave_pods, grunt_ogre_cave, kennysheep_flooded_box
Temple:   minmay_temple_curvy_branch

Skill      XL: |  1  2  3  4  5  6  7  8  9 10 |
---------------+-------------------------------+-----
Invocations    | 1 2 3 4 5 6 |  6.2
Short Blades   | 1 2 3 4 5 |  5.6
Long Blades    | 1 2 3 4 5 |  5.6
Maces & Flails | 1 2 3 4 5 |  5.6
Polearms       | 1 2 3 4 5 |  5.6
Staves         | 1 2 3 4 5 |  5.6
Slings         | 1 2 3 4 5 |  5.6
Bows           | 1 2 3 4 5 |  5.6
Crossbows      | 1 2 3 4 5 |  5.6
Throwing       | 1 2 3 4 5 |  5.6
Dodging        | 1 2 3 4 5 |  5.6
Stealth        | 1 2 3 4 5 |  5.6
Unarmed Combat | 1 2 3 4 5 |  5.6
Spellcasting   | 1 2 3 4 5 |  5.6
Evocations     | 1 2 3 4 5 |  5.6
Conjurations   | 1 2 3 4 |  4.6
Hexes          | 1 2 3 4 |  4.6
Summonings     | 1 2 3 4 |  4.6
Necromancy     | 1 2 3 4 |  4.6
Translocations | 1 2 3 4 |  4.6
Transmutations | 1 2 3 4 |  4.6
Fire Magic     | 1 2 3 4 |  4.6
Ice Magic      | 1 2 3 4 |  4.6
Air Magic      | 1 2 3 4 |  4.6
Earth Magic    | 1 2 3 4 |  4.6
Poison Magic   | 1 2 3 4 |  4.6
Axes           | 5 6 7 |  7.3
Fighting       | 7 8 |  8.7
Armour         | 7 8 |  8.7
Shields        | 7 8 |  8.7

Action                   |  1- 3 |  4- 6 |  7- 9 | 10-12 || total
-------------------------+-------+-------+-------+-------++-------
Melee: War axe           |   100 |   143 |   368 |    85 ||   696
       Bite              |     5 |    19 |    31 |    12 ||    67
       Dagger            |       |       |     3 |       ||     3
 Fire: Hand crossbow     |       |       |    41 |    62 ||   103
Throw: Stone             |     3 |    18 |    42 |       ||    63
       Javelin           |       |     3 |     6 |       ||     9
       Throwing net      |       |       |     3 |       ||     3
       Dart              |       |       |     3 |       ||     3
Invok: Heroism           |       |       |       |     1 ||     1
Evoke: Wand              |       |       |       |     1 ||     1
  Use: Scroll            |     2 |     5 |    12 |       ||    19
       Potion            |       |       |     2 |       ||     2
 Stab: Held in net/web   |       |       |     1 |       ||     1
Armor: Scale mail        |    42 |    43 |    89 |    61 ||   235
       Chain mail        |       |    29 |   129 |       ||   158
Dodge: Dodged            |    31 |    42 |   145 |    65 ||   283
Block: Buckler           |    32 |    31 |    88 |    28 ||   179
